 Dungeon Crawl Stone Soup version 0.25-a0-591-g2ad0d861f1 (webtiles) character file.

Game seed: 14655889911462777377, levelgen mode: deterministic

279 sanka the Scratcher (level 6, 25/25 HPs)
             Began as a Felid Wanderer on Mar 13, 2020.
             Quit the game on level 5 of the Dungeon.
             The game lasted 00:11:58 (6357 turns).

sanka the Scratcher (Felid Wanderer)                Turns: 6357, Time: 00:11:59

Health: 25/25      AC:  2    Str: 12    XL:     6   Next: 5%
Magic:  8/8        EV: 16    Int: 14    God:
Gold:   229        SH:  0    Dex: 13    Spells: 3/7 levels left
                                        Lives:  1   Deaths: 1

rFire    . . .     SeeInvis +     - Unarmed
rCold    . . .     Gourm    .   (shield unavailable)
rNeg     . . .     Faith    .   (armour unavailable)
rPois    .         Spirit   .   (helmet unavailable)
rElec    .         Reflect  .   (cloak unavailable)
rCorr    .         Harm     .   (gloves unavailable)
MR       .....                  (boots unavailable)
Stlth    ++........             (no amulet)
HPRegen  0.08/turn              r - ring of wizardry
MPRegen  0.11/turn              (no ring)

@: quick
A: very small, no armour, no weapons or thrown items, stealth, claws 1, fangs 3,
see invisible, carnivore, speed 1, shaggy fur 2, slow metabolism 1, sharp paws
a: no special abilities


You were on level 5 of the Dungeon.
You were not hungry.

You visited 1 branch of the dungeon, and saw 5 of its levels.

You collected 229 gold pieces.


Innate Abilities, Weirdness & Mutations

You cannot wear armour.
You are incapable of wielding weapons or throwing items.
Your paws allow you to move quietly. (Stealth)
You have sharp claws.
You have razor-sharp teeth.
You have supernaturally acute eyesight. (SInv)
You are carnivorous and can eat meat at any time.
You cover ground quickly.
You are covered in thick fur. (AC +2)
You have a slow metabolism.
Your sharp claws are effective at attacking unaware monsters.


   Skills:
 - Level 1.0 Fighting
 - Level 1.3 Dodging
 - Level 2.6 Stealth
 + Level 6.3 Unarmed Combat
 - Level 1.0 Spellcasting
   Level 1.5 Translocations
 - Level 4.0 Transmutations
 - Level 2.5 Poison Magic
 - Level 1.1 Evocations


You had 3 spell levels left.
You knew the following spells:

 Your Spells              Type           Power        Failure   Level  Hunger
x - Spider Form           Tmut/Pois      #.........   9%          3    ####...
z - Sting                 Tmut/Pois      #...         2%          1    ##.....

Your spell library contained the following spells:

 Spells                   Type           Power        Failure   Level  Hunger
 Corona                   Hex            #......      11%         1    ##.....
 Summon Guardian Golem    Hex/Summ       #.......     30%         3    ####...

Inventory:

Jewellery
 m - an uncursed ring of fire
 r - a ring of wizardry (left paw)
Wands
 t - a wand of flame (20)
Scrolls
 e - 10 scrolls of identify {unknown}
 f - 4 scrolls of teleportation {unknown}
 h - 2 scrolls of immolation {unknown}
 k - a scroll of fog {unknown}
 l - 2 scrolls of enchant armour {unknown}
 n - 4 scrolls of remove curse {unknown}
 o - 3 scrolls of enchant weapon {unknown}
 q - a scroll of magic mapping {unknown}
Potions
 a - 2 potions of berserk rage {!q}
 b - 2 potions of might
 c - 3 potions of stabbing
 g - 3 potions of resistance {unknown}
 i - a potion of curing {@q1}
 j - a potion of magic {unknown}
 p - a potion of lignification {unknown}
 s - a potion of haste {@q3}
 u - a potion of brilliance {unknown}
 v - 2 potions of heal wounds {unknown}
 w - a potion of flight {unknown}
Comestibles
 d - 8 rations
 x - 6 chunks of flesh

Dungeon Overview and Level Annotations

Branches:
Dungeon (5/15)
 Temple: D:4-7

Altars:
Ashenzari

...▒▒▒▒▒.....▒.▒..........▒.▒...▒
....▒ .....▒.▒.▒▒▒▒▒▒▒▒▒▒▒▒.▒▒▒▒▒
▒▒.⌠▒...▒▒▒▒.▒.▒.....>.5....>....
.▒▒▒▒... ▒.▒)▒.....▒...▒▒....▒▒
.▒ ..▒. ▒.▒.▒▒▒▒▒▒..o.▒▒▒▒▒.▒ .▒
..▒▒. ▒.▒.▒......♣♣.▒▒ ▒.▒ ▒▒.▒.
.. ▒.▒)▒.▒..♣♣ ♣♣.▒ ▒.▒ ...▒ .▒
▒)▒.▒..♣ ♣o▒ ▒.▒ ▒▒▒▒
.▒..▒.▒.▒h▒..♣ ♣o▒ ▒o▒
▒▒▒▒.▒........▒..♣ ♣.▒ ▒.▒
▒....▒▒...▒.▒....♣♣ ♣.▒▒ ▒o▒
▒.........▒.▒.▒...♣♣♣♣o.▒ ▒.▒
▒▒▒▒....▒▒.. ▒.▒.▒.......o.▒ ▒)▒
.........▒.. ▒.▒.▒▒▒▒▒.....▒▒▒.▒
▒▒▒÷.....▒. ▒.▒...............▒
▒▒▒÷.....▒. ▒.....÷.....▒▒▒▒▒▒▒
.........▒ ▒▒▒▒▒...........


There were no monsters in sight!


Message History

The worm is almost dead.
You kill the worm!
You feel sick.
Aiming: Sting (safe; 2% risk of failure)
Aim: a worm The sting hits the worm.
The worm is poisoned.
The worm is lightly wounded.
Aiming: Sting (safe; 2% risk of failure)
Aim: a worm (moderately wounded, poisoned)
The sting hits the worm.
The worm looks even sicker.
The worm is moderately wounded.
You feel sick.
Aiming: Sting (safe; 2% risk of failure)
Aim: a worm (severely wounded, very poisoned)
The sting hits the worm.
The worm looks even sicker.
The worm is severely wounded.
Aiming: Sting (safe; 2% risk of failure)
Aim: a worm (severely wounded, very poisoned)
The sting hits the worm.
The worm looks as sick as possible!
The worm is severely wounded.
The worm bites you!
You die...
You are now level 6!
You rejoin the land of the living...
Unknown command.
Are you sure you want to abandon this character and quit the game? (Confirm with "yes".)

Action                   |  1- 3 |  4- 6 |  7- 9 || total
-------------------------+-------+-------+-------++-------
Melee: Unarmed           |    33 |    64 |    11 ||   108
       Bite              |     2 |     1 |       ||     3
 Cast: Sting             |    41 |    49 |     7 ||    97
       Spider Form       |       |     9 |     1 ||    10
  Use: Potion            |       |     3 |       ||     3
 Stab: Sleeping          |     2 |     5 |       ||     7
  Eat: Chunk             |    12 |     9 |     1 ||    22
Armor: Skin              |     3 |     7 |     1 ||    11
Dodge: Dodged            |    34 |    72 |     6 ||   112

Levels and vault maps discovered:
D:1:      evilmike_arrival_crescent, layout_basic
D:2:      layout_loops_corners, uniq_crazy_yiuf_cottage
D:3:      layout_basic
D:4:      layout_basic, first_ration
D:5:      layout_basic, lightli_sewer_entry_pipes, nrook_campfire,
          evilmike_ruin_ashenzari

Notes
Turn   | Place    | Note
-------+----------+-------------------------------------------
     0 | D:1      | sanka the Felid Wanderer began the quest for the Orb.
     0 | D:1      | sanka set off with the following items: a potion of berserk
                  | rage {!q}, a ration; and the following spells available to
                  | memorise: Sting, Corona, Spider Form, Summon Guardian Golem
     0 | D:1      | Reached XP level 1. HP: 9/9 MP: 3/3
    55 | D:1      | Learned a level 1 spell: Sting
    81 | D:1      | Reached skill level 1 in Unarmed Combat
   350 | D:1      | Reached XP level 2. HP: 12/12 MP: 2/4
   656 | D:1      | Reached skill level 2 in Unarmed Combat
  1191 | D:2      | Reached XP level 3. HP: 15/15 MP: 2/5
  1418 | D:2      | Reached skill level 3 in Unarmed Combat
  1766 | D:2      | Found a runed translucent door.
  1767 | D:2      | Noticed Crazy Yiuf
  1859 | D:2      | Learned a level 3 spell: Spider Form
  1893 | D:2      | HP: 1/15 [poisoned by an adder]
  2944 | D:2      | Killed Crazy Yiuf
  2944 | D:2      | Reached skill level 1 in Poison Magic
  2944 | D:2      | Reached XP level 4. HP: 19/19 MP: 1/6
  3815 | D:3      | Reached skill level 4 in Transmutations
  3815 | D:3      | Reached XP level 5. HP: 22/22 MP: 3/7
  4448 | D:4      | Reached skill level 4 in Unarmed Combat
  4470 | D:4      | Noticed an ogre
  4545 | D:4      | Killed an ogre
  4545 | D:4      | Reached skill level 2 in Poison Magic
  5457 | D:5      | Entered Level 5 of the Dungeon
  5457 | D:5      | Noticed an ice beast
  5609 | D:5      | Gained mutation: You are covered in thick fur. (AC +2)
                  | [Felid growth]
  5609 | D:5      | Reached XP level 6. HP: 15/25 MP: 1/8
  5817 | D:5      | Found a shattered altar of Ashenzari.
  5946 | D:5      | Reached skill level 5 in Unarmed Combat
  6291 | D:5      | Reached skill level 6 in Unarmed Combat
  6291 | D:5      | Reached XP level 7. HP: 22/28 MP: 4/9
  6356 | D:5      | Slain by a worm
  6357 | D:5      | Reached XP level 6. HP: -2/25 MP: 1/8
  6357 | D:5      | Quit the game

Vanquished Creatures
  2 ogres
  An orc priest (D:3)
  2 hounds (D:5)
  An orc wizard (D:5)
  Crazy Yiuf (D:2)
  2 iguanas
  2 worker ants (D:5)
  5 adders
  A river rat (D:5)
  An ooze (D:1)
  An adder skeleton (D:4)
  A worm (D:5)
  2 dart slugs
  6 orcs (D:5)
  3 giant cockroaches
  9 goblins
  6 hobgoblins
  4 jackals (D:2)
  5 kobolds
  7 bats
  A frilled lizard (D:5)
  A leopard gecko skeleton (D:5)
  A quokka skeleton (D:5)
  4 rats
69 creatures vanquished.
